 Dungeon Sprint DCSS version 0.04.2-19-ga012a504bd (webtiles) character file.

Game seed: 4176003457628374931, levelgen mode: deterministic

2718 diana the Thaumaturge (level 9, -3/90 HPs) Deep Elf Ice Elementalist. Began on May 23, 2021. Was an Elder of Vehumet. Slain by a water elemental (8 damage) ... in the Dungeon (Sprint V: "Ziggurat Sprint"). The game lasted 00:03:53 (467 turns).

diana the Thaumaturge (Deep Elf Ice Elementalist)    Turns: 467, Time: 00:03:53

Health: -3/90      AC: 26    Str: 20    XL:     9 ^: 1644
Magic:  28/28      EV: 11    Int: 24    God:    Vehumet [4* [118]]
Gold:   0          SH:  0    Dex: 15    Spells: 33/34 levels left

rFire    + + .     Vision   .   F - +7 great mace "Firestarter" {inner flame, rF++}
rCold    . . .     Gourm    .   (also wielding the above weapon)
rNeg     . . .     Faith    .   D - +15 Maxwell's patent armour {-Cast -Tele rElec MR+ rCorr}
rPois    .         Spirit   .   (no helmet)
rElec    +         Reflect  .   (no cloak)
rCorr    +         Harm     .   (no gloves)
MR       +....     NoTele   +   (no boots) Stlth ..........NoCast +
                                (no amulet)
HPRegen  0.40/turn              x - ring of strength
MPRegen  0.38/turn              y - ring of strength

@: mighty, berserking, very quick
A: no striking features
a: Renounce Religion


You were in the Dungeon.
You worshipped Vehumet.
Vehumet was greatly pleased with you.
You were not hungry.

You visited 1 branch

Inventory:

Weapons
 F - the +7 great mace "Firestarter" (weapon) {inner flame, rF++}
   (You found it in the Dungeon)

   Its malleable surface is completely molten, allowing it to meld around and
   partially ignore armour.
   Causes less base damage than a standard weapon; but partially ignores enemy's
   defense and burns causing additional damage to those that don't resist heat.
   It greatly protects you from fire.
Armour
 a - a +0 robe
 D - the +15 Maxwell's patent armour (worn) {-Cast -Tele rElec MR+ rCorr}
   (You found it in the Dungeon)

   It insulates you from electricity.
   It affects your resistance to hostile enchantments.
   It prevents spellcasting.
   It prevents most forms of teleportation.
   It provides partial protection from all sources of acid and corrosion.
Magical Staves
 E - the +6 Majin-Bo {vampiric, corrupt archmagi; MP+6 Int+6}
   (You found it in the Dungeon)

   [staff of ]

   Base accuracy: +5 Base damage: 5 Base attack delay: 1.2 This weapon's minimum
   attack delay (0.6) is reached at skill level 12.
   The minimum and maximum damage of damaging spells cast with this staff are
   significantly increased.
   It falls into the 'Staves' category.
   It is one handed.
   Its enchantment grants additive spellpower to the spells it enhances.
 G - the +8 staff "Qaurch" {warp, cold; *Drain rPois rC+ Str+3}
   (You took it off a boggart in the Dungeon)

   [staff of cold]

   Base accuracy: +5 Base damage: 5 Base attack delay: 1.2 This weapon's minimum
   attack delay (0.6) is reached at skill level 12.
   A strange crooked staff.
   Spells that are enhanced by this staff, which normally take a beam trajectory
   will be teleported directly to their targets.
   Additionally enhances translocations spells.
   It falls into the 'Staves' category.
   It is one handed.
   Its enchantment grants additive spellpower to the spells it enhances.
 I - a +7 flayed staff of earth
Jewellery
 t - an uncursed ring of dexterity
 u - an uncursed ring of dexterity
 v - an uncursed ring of intelligence
 w - an uncursed ring of intelligence
 x - a ring of strength (left hand)
 y - a ring of strength (right hand)
 J - an uncursed ring of evasion
 K - an uncursed ring of slaying
Wands
 A - a wand of disintegration (7)
 B - a wand of iceblast (7)
 C - a wand of acid (7)
Scrolls
 i - 4 scrolls of blinking
 o - 4 scrolls of amnesia
 p - 7 scrolls of fog
 q - a scroll of holy word
 r - 5 scrolls of bless item
 s - 2 scrolls of fear
Potions
 b - 2 potions of brilliance
 d - 10 potions of curing
 e - 9 potions of heal wounds
 f - 6 potions of haste
 g - 7 potions of magic
 j - 2 potions of invisibility
 k - 4 potions of resistance
 m - 6 potions of agility
 n - 4 potions of might
Miscellaneous
 l - a lightning rod (4/4)
 z - a crystal ball of energy
Comestibles
 c - 7 rations
 H - 3 chunks of flesh


   Skills:
 + Level 9.3 Fighting
 + Level 10.9 Maces & Staves
 - Level 2.8 Armour
 - Level 5.0 Dodging
 - Level 2.4 Stealth
 + Level 13.3 Spellcasting
   Level 1.1 Summonings
 + Level 11.7 Ice Magic


You had 33 spell levels left.
You knew the following spells:

 Your Spells              Type           Power        Failure   Level  Hunger
a - Freeze                Ice            25 (25)      1%          1    None

Your spell library contained the following spells:

 Spells                   Type           Power        Failure   Level  Hunger
 Throw Frost              Ice            50 (50)      1%          2    None
 Hailstorm                Ice            64 (100)     1%          4    None
 Throw Icicle             Ice            64 (100)     1%          4    None
 Ozocubu's Armour         Chrm/Ice       44 (100)     5%          3    None
 Foxfire                  Fire           16 (25)      6%          1    None
 Shock                    Air            16 (25)      6%          1    None
 Searing Ray              Fire           16 (50)      9%          2    None
 Summon Ice Beast         Ice/Summ       46 (100)     14%         4    None
 Blinding Spray           Hex/Pois       16 (50)      17%         3    None
 Fulminant Prism          Hex            16 (200)     45%         4    None


Dungeon Overview and Level Annotations

Branches:
Dungeon (1/1)

Altars:
Ashenzari
Cheibriados
Dithmenos
Elyvilon
Fedhas Madash
Gozag Ym Sagoz
Hepliaklqana
Kikubaaqudgha
Makhleb
Nemelex Xobeh
Okawaru
Qazlal
Ru
Sif Muna
Trog
Uskayaw
Vehumet
Wu Jian
Xom
Yredelemnul
Zin
The Shining One Bahamut & Tiamat
Beogh
Jiyva
Lugonu

Annotations:
D 1 transporter


Message History

You hit the +2 mace of protection (2).
The +2 mace of protection is almost destroyed. (2/28) HP The +0 scimitar of freezing hits you but does no damage.
The rock worm bites you but does no damage.
The +2 mace of protection hits you (5). The rock worm bites you (16)!
The water elemental closely misses you (0).
The +0 scimitar of freezing hits you (4).
The +0 scimitar of freezing freezes you (1).
A red film seems to cover your vision as you go berserk!
You feel yourself moving faster!
You feel mighty!
The +2 mace of protection hits you but does no damage.
The +0 scimitar of freezing hits you (18)!!
* * * LOW HITPOINT WARNING * * *
The +0 scimitar of freezing freezes you (4).
* * * LOW HITPOINT WARNING * * *
The rock worm bites you but does no damage.
The +2 mace of protection hits you (15)!
* * * LOW HITPOINT WARNING * * *
The water elemental hits you (8)!
You die...

▓▓▓▓▓▓▓▓▓▓▓▓▓▓▓▓▓▓▓
▓..8©8..▓ ▓..}::..▓
▓..)]}..▓ ▓.......▓
▓.......▓ ▓..e(...▓
▓..w((..▓ ▓.▓.@E▓.▓
▓...©...▓ ▓▓▓▓▓▓▓▓▓


You could see a rock worm, a deep elf archer, a water elemental and 3 dancing
weapons.

Vanquished Creatures
  A deep elf knight (D)
  A dancing weapon (D)
  2 deep elf magi (D)
  An ugly thing (D)
  2 water moccasins (D)
  2 porcupines (D)
  A boggart (shapeshifter) (D)
  4 iguanas (D)
  A sewer rat (D)
  A jackal (D)
  2 ball pythons (D)
18 creatures vanquished.

Notes
Turn   | Place    | Note
-------+----------+-------------------------------------------
     0 | D        | diana the Deep Elf Ice Elementalist began the quest for the
                  | Orb.
     0 | D        | Reached XP level 1. HP: 10/10 MP: 6/6
     0 | D        | Found a shimmering blue altar of Sif Muna.
     0 | D        | Found a bloodstained altar of Trog.
     0 | D        | Found a sacrificial altar of Ru.
     0 | D        | Found a stormy altar of Qazlal.
     0 | D        | Found an iron altar of Okawaru.
     1 | D        | Found a sparkling altar of Nemelex Xobeh.
     1 | D        | Found a blossoming altar of Fedhas.
     2 | D        | Found the +6 Majin-Bo {vampiric, corrupt archmagi; MP+6
                  | Int+6}
     2 | D        | Found the +9 ballista "Sniper" {velocity, Acc+∞ +Vis}
     2 | D        | Found the +10 dark maul {crush}
     2 | D        | Found the +15 Maxwell's patent armour {-Cast -Tele rElec
                  | MR+ rCorr}
     2 | D        | Found the +18 shield of the Gong {rElec rN+ MR+ EV-5}
     2 | D        | Found the +14 obsidian axe {chop, +Fly +Vis Soulbond}
     2 | D        | Found the +7 great mace "Firestarter" {inner flame, rF++}
     2 | D        | Found the +6 shillelagh "Devastator" {shatter}
     2 | D        | Found the +11 plutonium sword {*Contam Stlth-}
     2 | D        | Found the +8 lance "Wyrmbane" {slay drac, rPois rF+ rC+
                  | AC+3}
     2 | D        | Found the +9 sword of Zonguldrok {reap}
     2 | D        | Found the +13 scythe of Curses {drain, Soulbond}
     2 | D        | Found the +0 sword of Power
     2 | D        | Found the +7 mace of Variability {chain chaos}
     2 | D        | Found the +7 Singing Sword {slice, sonic wave}
     2 | D        | Found the +8 storm bow {elec, penet}
     3 | D        | Found a transporter.
     3 | D        | Found an ancient bone altar of Kikubaaqudgha.
     3 | D        | Found a viscous altar of Jiyva.
     3 | D        | Found a corrupted altar of Lugonu.
     3 | D        | Found a hazy altar of Hepliaklqana.
     3 | D        | Found a burning altar of Makhleb.
     3 | D        | Found an opulent altar of Gozag.
    71 | D        | Became a worshipper of Vehumet
    98 | D        | Reached skill level 5 in Dodging
    98 | D        | Reached XP level 2. HP: 18/18 MP: 8/8
   115 | D        | Entered arena 2.
   115 | D        | Noticed a brown ugly thing
   115 | D        | Noticed a tengu
   115 | D        | Noticed a boggart
   115 | D        | a tengu changed into a boggart
   115 | D        | Found a transporter.
   120 | D        | Killed a brown ugly thing
   120 | D        | Reached skill level 5 in Fighting
   120 | D        | Reached skill level 8 in Spellcasting
   120 | D        | Reached XP level 3. HP: 8/26 MP: 8/14
   120 | D        | Reached XP level 4. HP: 10/31 MP: 9/16
   120 | D        | Reached XP level 5. HP: 11/35 MP: 9/17
   120 | D        | Reached XP level 6. HP: 13/40 MP: 10/19
   271 | D        | Got the +8 staff "Qaurch" {warp, cold; *Drain rPois rC+
                  | Str+3}
   274 | D        | Entered arena 3.
   274 | D        | Found a transporter.
   275 | D        | Reached * piety under Vehumet
   275 | D        | Offered knowledge of Shock by Vehumet.
   293 | D        | Entered arena 4.
   293 | D        | Noticed a deep elf knight
   293 | D        | Noticed a deep elf mage
   293 | D        | Noticed a +7 broad axe of molten steel
   293 | D        | Noticed a deep elf mage
   293 | D        | Found a transporter.
   297 | D        | Killed a +7 broad axe of molten steel
   297 | D        | Reached skill level 10 in Spellcasting
   297 | D        | Reached XP level 7. HP: 32/48 MP: 20/23
   297 | D        | Killed a deep elf mage
   297 | D        | Reached ** piety under Vehumet
   297 | D        | Offered knowledge of Foxfire by Vehumet.
   297 | D        | Reached skill level 11 in Spellcasting
   297 | D        | Reached skill level 10 in Ice Magic
   297 | D        | Reached XP level 8. HP: 32/54 MP: 23/25
   301 | D        | Killed a deep elf mage
   301 | D        | Reached skill level 12 in Spellcasting
   306 | D        | Killed a deep elf knight
   306 | D        | Offered knowledge of Searing Ray by Vehumet.
   306 | D        | Reached skill level 10 in Maces & Staves
   306 | D        | Reached XP level 9. HP: 38/60 MP: 27/27
   372 | D        | Entered arena 5.
   372 | D        | Found a transporter.
   374 | D        | Reached *** piety under Vehumet
   377 | D        | Offered knowledge of Fulminant Prism by Vehumet.
   377 | D        | Reached skill level 13 in Spellcasting
   400 | D        | Entered arena 6.
   400 | D        | Found a transporter.
   403 | D        | Reached **** piety under Vehumet
   403 | D        | Offered knowledge of Blinding Spray by Vehumet.
   461 | D        | Entered arena 7.
   461 | D        | Noticed a rock worm
   461 | D        | Noticed a +4 morningstar of holy wrath
   461 | D        | Noticed a +0 scimitar of freezing
   461 | D        | Noticed a +2 mace of protection
   461 | D        | Noticed a deep elf archer
   462 | D        | Found a transporter.
   467 | D        | Slain by a water elemental

Levels and vault maps discovered:
D:        sprint_v [room_start, room_1, room_2, room_3, room_4, room_5, room_6,
          room_7, room_8, room_9, room_10, room_11, room_12, room_13, room_14,
          room_15, room_16, room_17, room_18, room_19, room_20, room_21,
          room_22, room_23, room_24, room_25, room_26, room_27]

Skill      XL: |  1  2  3  4  5  6  7  8  9 |
---------------+----------------------------+-----
Fighting       | 2 5 7 8 9 |  9.3
Maces & Staves | 3 6 8 9 10 | 10.9
Armour         | 2 |  2.8
Dodging        | 5 |  5.0
Spellcasting   | 8 10 11 12 13 | 13.3
Ice Magic      | 7 9 10 11 | 11.7
Stealth        | |  2.4
Summonings     | |  1.1

Action                   |  1- 3 |  4- 6 |  7- 9 || total
-------------------------+-------+-------+-------++-------
Melee: Great mace        |     4 |     7 |    19 ||    30
  Use: Potion            |     2 |     1 |     3 ||     6
Armor: Plate armour      |     2 |     3 |    27 ||    32
Dodge: Dodged            |       |     2 |    13 ||    15
